 Dungeon Crawl Stone Soup version 0.29.1-14-g9c671dbff4 (webtiles) character file.

Game seed: 10256433693565098536

637 FexLirch the Magician (level 7, -5/46 HPs)
             Began as a Mummy Necromancer on Feb 17, 2023.
             Was an Initiate of Kikubaaqudgha.
             Killed from afar by Duvessa (12 damage)
             ... with a puff of flame
             ... on level 5 of the Dungeon.
             The game lasted 00:13:07 (5080 turns).

FexLirch the Magician (Mummy Necromancer)           Turns: 5080, Time: 00:13:08

Health: -5/46      AC:  3    Str: 11    XL:     7   Next: 25%
Magic:  1/17       EV: 12    Int: 16    God:    Kikubaaqudgha [......]
Gold:   201        SH:  0    Dex: 19    Spells: 12/20 levels left

rFire   . . .      SeeInvis .   n - +0 dagger (speed)
rCold   . . .      Faith    .   (no shield)
rNeg    + + +      Spirit   .   m - +0 leather armour
rPois   ∞          Reflect  .   (no helmet)
rElec   .          Harm     .   (no cloak)
rCorr   .          Rampage  .   (no gloves)
Will    .....                   (no boots)
Stlth   ++........              (no amulet)
HPRegen 0.15/turn               q - +6 ring of dexterity
MPRegen 0.15/turn               w - ring of fire

@: animating dead
A: cold resistance 1, negative energy resistance 3, torment resistance 2, heat
vulnerability 1, in touch with death 1, no potions
a: Renounce Religion


You were on level 5 of the Dungeon.
You worshipped Kikubaaqudgha.
Kikubaaqudgha was noncommittal.
You visited 2 branches of the dungeon, and saw 6 of its levels.

You collected 201 gold pieces.

Inventory:

Hand Weapons
 b - a +0 dagger
 n - a +0 dagger of speed (weapon)
Missiles
 d - 32 stones
Armour
 a - a +0 robe
 m - a +0 leather armour (worn)
 p - a +0 ring mail
Jewellery
 q - a +6 ring of dexterity (left hand)
 t - a +4 ring of protection
 w - a ring of fire (right hand)
Wands
 h - a wand of iceblast (11)
 r - a wand of digging (1)
Scrolls
 c - a scroll of teleportation {unknown}
 e - a scroll of summoning {unknown}
 f - a scroll of noise {unknown}
 g - a scroll of butterflies {unknown}
 i - 3 scrolls of amnesia
 j - a scroll of poison {unknown}
 k - a scroll of torment {unknown}
 l - 2 scrolls of identify
 o - a scroll of vulnerability {unknown}
 s - a scroll of enchant weapon {unknown}
 v - a scroll of magic mapping {unknown}


   Skills:
 - Level 1.5 Dodging
 - Level 1.5 Stealth
 + Level 7.2 Spellcasting
 + Level 6.9 Necromancy


You had 12 spell levels left.
You knew the following spells:

 Your Spells              Type           Power      Damage    Failure   Level
a - Necrotise             Necr           100%       1d9       1%          1
b - Vampiric Draining     Necr           41%        2d8       2%          3
c - Animate Dead          Necr           41%        N/A       10%         4

Your spell library contained the following spells:

 Spells                   Type           Power      Damage    Failure   Level
 Summon Small Mammal      Summ           20%        N/A       16%         1
 Ensorcelled Hibernation  Hex/Ice        10%        N/A       24%         2
 Agony                    Necr           41%        N/A       26%         5
 Anguish                  Hex/Necr       12%        N/A       36%         4
 Call Canine Familiar     Summ           5%         N/A       43%         3
 Gell's Gravitas          Tloc           5%         N/A       43%         3
 Summon Guardian Golem    Hex/Summ       5%         N/A       43%         3
 Teleport Other           Tloc           5%         N/A       43%         3
 Summon Lightning Spire   Summ/Air       5%         N/A       85%         4
 Dispersal                Tloc           2%         N/A       100%        6
 Disjunction              Tloc           2%         N/A       100%        8
 Maxwell's Capacitive Co  Air            2%         ∞         100%        8
 Spider Form              Tmut/Pois      Unusable   N/A       N/A         3
 Storm Form               Tmut/Air       Unusable   N/A       N/A         7

Dungeon Overview and Level Annotations

Branches:
Dungeon (5/15)             Temple (1/1) D:5

Altars:
Cheibriados
Gozag
Hepliaklqana
Kikubaaqudgha
Nemelex Xobeh
Uskayaw
Vehumet
Wu Jian
Xom

Annotations:
D:5 Blork the orc, Dowan, Duvessa


Innate Abilities, Weirdness & Mutations

You are immune to poison.
Your flesh is cold resistant. (rC+)
You are immune to negative energy. (rN+++)
You are immune to unholy pain and torment.
You are vulnerable to heat. (rF-)
You are in touch with the powers of death.
You do not drink.


Message History

Duvessa hits your hound zombie with a +0 short sword!
Duvessa hits your hound zombie with a +0 short sword!
Your hound zombie closely misses Duvessa.
Duvessa hits your hound zombie with a +0 short sword!
Your hound zombie is destroyed!
You hit Duvessa but do no damage. Duvessa hits you with a +0 short sword!
Casting: Vampiric Draining (dangerous; 2% risk of failure)
Confirm with . or Enter, or press ? or * to list all spells.
Aiming: Vampiric Draining (dangerous; 2% risk of failure)
Press: ? - help, Shift-Dir - straight line, f/p - Duvessa
Aim: Duvessa, wielding a +0 short sword, wearing a +3 leather armour of cold resistance and carrying a wand of flame (9) (fast)
You feel a surge of power!
You draw life force from Duvessa!
You feel life coursing into your body.
Duvessa zaps a wand.
The puff of flame misses you.
Casting: Vampiric Draining (dangerous; 2% risk of failure)
Confirm with . or Enter, or press ? or * to list all spells.
Aiming: Vampiric Draining (dangerous; 2% risk of failure)
Press: ? - help, Shift-Dir - straight line, f/p - Duvessa
Aim: Duvessa, wielding a +0 short sword, wearing a +3 leather armour of cold resistance and carrying a wand of flame (8) (moderately wounded, fast)
You feel a surge of power!
You draw life force from Duvessa!
You feel life coursing into your body.
Duvessa zaps a wand.
The puff of flame hits you!
Dowan gestures wildly while chanting.
Dowan blinks!
Duvessa zaps a wand.
The puff of flame hits you!
Okay, then.
Unknown command.
You can't drink.
Unknown command.
Unknown command.
As you read the scroll labelled OMMEODGH DENU, it crumbles to dust.
It is a scroll of identify.
i - 3 scrolls of amnesia Duvessa hits you with a +0 short sword!
* * * LOW HITPOINT WARNING * * *
As you read the scroll labelled ICHACRAOMO, it crumbles to dust.
You assume a fearsome visage.
Duvessa resists with almost no effort.
Dowan looks frightened!
It was a scroll of fear.
Duvessa zaps a wand.
The puff of flame hits you!
You die...
Kikubaaqudgha rasps: "You have failed me!
Welcome... oblivion!"

##############.#
#.# #.# #(#
#.#### #.#..
#.#e### #.#.#..
##########.#@#.#
#..........#e#.#
#.##########§#$#
. #.# ######.#.#
e.. #.#
#......#.#.....
#.#
#.#####........
#.# #.#
#........ #.#
#.# #..).....
#.# #.#
#...#####


You could see Duvessa (fast) and Dowan (fleeing).

Vanquished Creatures
  2 black bears
  A kobold brigand (D:5)
  2 hounds
  2 jellies (D:4)
  An orc priest (D:3)
  An iguana (D:4)
  2 orc wizards
  7 adders
  A worm (D:3)
  3 dart slugs
  11 orcs
  4 ball pythons
  5 bats
  4 endoplasms
  7 giant cockroaches
  7 goblins
  2 hobgoblins (D:2)
  5 quokkas
  3 frilled lizards
  7 kobolds
  8 rats
85 creatures vanquished.

Vanquished Creatures (collateral kills)
  A dart slug (D:4)
  A giant cockroach (D:2)
  A goblin (D:2)
3 creatures vanquished.

Vanquished Creatures (others)
  An orc wizard (D:5)
  A hound zombie (D:5)
  5 orc zombies (D:5)
  11 plants (D:3)
18 creatures vanquished.

Grand Total: 106 creatures vanquished

Notes
Turn   | Place    | Note
-------+----------+-------------------------------------------
     0 | D:1      | FexLirch the Mummy Necromancer began the quest for the Orb.
     0 | D:1      | Reached XP level 1. HP: 13/13 MP: 4/4
   296 | D:1      | Reached skill level 3 in Spellcasting
   478 | D:1      | Reached XP level 2. HP: 19/19 MP: 3/6
   933 | D:1      | Found a faded altar of an unknown god.
  1543 | D:2      | Gained mutation: You are in touch with the powers of death.
                  | [Mummy growth]
  1543 | D:2      | Reached XP level 3. HP: 24/24 MP: 5/8
  1551 | D:2      | Learned a level 3 spell: Vampiric Draining
  1704 | D:2      | Reached skill level 4 in Spellcasting
  2209 | D:2      | Reached XP level 4. HP: 30/30 MP: 7/10
  2466 | D:3      | Reached skill level 5 in Necromancy
  2484 | D:3      | Noticed a black bear
  2707 | D:3      | Reached XP level 5. HP: 26/35 MP: 6/12
  2713 | D:3      | Reached skill level 5 in Spellcasting
  2730 | D:3      | Learned a level 4 spell: Animate Dead
  2834 | D:3      | Found a sparkling altar of Nemelex Xobeh.
  2838 | D:3      | Found a radiant altar of Vehumet.
  2842 | D:3      | Found an ornate altar of the Wu Jian Council.
  3210 | D:3      | Killed a black bear
  3211 | D:3      | Reached XP level 6. HP: 41/41 MP: 8/14
  3393 | D:3      | Found an opulent altar of Gozag.
  3912 | D:4      | Reached skill level 6 in Spellcasting
  4488 | D:5      | Entered Level 5 of the Dungeon
  4587 | D:5      | Reached XP level 7. HP: 37/46 MP: 10/17
  4719 | D:5      | Reached skill level 7 in Spellcasting
  4931 | D:5      | Found a staircase to the Ecumenical Temple.
  4945 | Temple   | Entered the Ecumenical Temple
  4991 | Temple   | Became a worshipper of Kikubaaqudgha
  5029 | D:5      | Noticed Blork the orc
  5059 | D:5      | Noticed Dowan
  5064 | D:5      | Noticed Duvessa
  5080 | D:5      | Killed from afar by Duvessa

Illustrated notes

Levels and vault maps discovered:
D:1:      saegor_arrival_under_anarchy, layout_loops_corners,
          dreamdust_ecumenical_altar_angels_and_demons, minmay_3d_cube
D:2:      layout_basic
D:3:      layout_basic, pdpol_temple_overflow_zin_treasury_gozag_greed,
          grunt_temple_overflow_diamond, serial_bayou_lagoon_b
D:4:      layout_rooms, mainiacjoe_overflow_concentric_impassable
D:5:      layout_basic, temple_statues, uniq_eustachio, uniq_blork_the_orc,
          uniq_duvessa
Temple:   oiseaux_autumnal_temple

Skill      XL: |  1  2  3  4  5  6  7 |
---------------+----------------------+-----
Spellcasting   | 3 4 5 6 7 |  7.2
Necromancy     | 5 6 |  6.9
Dodging        | |  1.5
Stealth        | |  1.5

Action                   |  1- 3 |  4- 6 |  7- 9 || total
-------------------------+-------+-------+-------++-------
Melee: Dagger            |     4 |    51 |    23 ||    78
Throw: Stone             |     2 |       |       ||     2
 Cast: Necrotise         |    80 |    81 |    18 ||   179
       Vampiric Draining |       |     9 |     6 ||    15
       Animate Dead      |       |     1 |     1 ||     2
Evoke: Wand              |       |     2 |       ||     2
  Use: Scroll            |       |       |     2 ||     2
Armor: Robe              |     3 |     4 |       ||     7
       Leather armour    |       |    17 |     4 ||    21
Dodge: Dodged            |    11 |    27 |    16 ||    54
